 Dungeon Crawl Stone Soup version 0.24.0-1-gfbc8707122 (webtiles) character file.

Game seed: 13564666098678620299, levelgen mode: deterministic

344512 Inarius the Executioner (level 21, -2/194 HPs)
             Began as a Minotaur Fighter on Oct 28, 2019.
             Was the Champion of Okawaru.
             Slain by a death scarab (22 damage)
             ... on level 4 of the Spider Nest.
             The game lasted 01:23:21 (48475 turns).

Inarius the Executioner (Minotaur Fighter)         Turns: 48475, Time: 01:23:21

Health: -2/194     AC: 19    Str: 33    XL:     21   Next: 46%
Magic:  25/26      EV: 14    Int:  5    God:    Okawaru [******]
Gold:   666        SH: 22    Dex: 11    Spells: 20/20 levels left

rFire    + + +     SeeInvis +   K - +3 broad axe (chop)
rCold    + + +     Gourm    .   c - +0 shield
rNeg     + . .     Faith    .   N - +1 chain mail of Lies {rF+ SInv}
rPois    +         Spirit   .   t - -2 hat of the Alchemist {rElec rPois rF+ rC+ rN+ MR+ rMut rCorr}
rElec    +         Reflect  +   H - scarf {rC+ rF+}
rCorr    +         Harm     .   Q - +2 pair of gloves {Str+3}
rMut     +                      n - +0 pair of boots
MR       ++...                  J - +4 amulet of reflection
Stlth    ..........             I - ring of protection from cold
HPRegen  0.42/turn              Y - +1 ring of evasion
MPRegen  0.20/turn

@: heroism, very slightly contaminated, slowed, lightly drained, very slow
A: retaliatory headbutt, horns 2, low mp 1
}: 1/15 runes: decaying
a: Heroism, Finesse, Renounce Religion


You were on level 4 of the Spider Nest.
You worshipped Okawaru.
Okawaru was exalted by your worship.
You were not hungry.

You visited 8 branches of the dungeon, and saw 37 of its levels.
You also visited: Ice Cave.

You collected 3808 gold pieces.
You spent 3142 gold pieces at shops.

Inventory:

Hand Weapons
 a - a +8 broad axe of distortion
 K - a +3 broad axe of chopping (weapon)
Armour
 c - a +0 shield (worn)
 n - a +0 pair of boots (worn)
 q - a +2 plate armour of fire resistance
 t - the -2 hat of the Alchemist (worn) {rElec rPois rF+ rC+ rN+ MR+ rMut rCorr}
   (You bought it in a shop on level 3 of the Vaults)

   It protects you from fire.
   It protects you from cold.
   It insulates you from electricity.
   It protects you from poison.
   It protects you from negative energy.
   It affects your resistance to hostile enchantments.
   It provides partial protection from all sources of acid and corrosion.
   It protects you from mutation.
 E - a +2 cloak
 H - a scarf of resistance (worn)
 N - the +1 chain mail of Lies (worn) {rF+ SInv}
   (Okawaru gifted it to you on level 3 of the Vaults)

   It protects you from fire.
   It lets you see invisible.
 Q - a +2 pair of gloves of strength (worn)
Jewellery
 i - the amulet of Goedunk {Spirit Int-2 Dex+3}
   (You found it on level 1 of the Spider Nest)

   [amulet of guardian spirit]

   It causes incoming damage to be split between your health and magic.
   It affects your intelligence (-2).
   It affects your dexterity (+3).
 I - a ring of protection from cold (left hand)
 J - a +4 amulet of reflection (around neck)
 Y - a +1 ring of evasion (right hand)
Wands
 b - a wand of enslavement (24)
 v - a wand of iceblast (48)
 x - a wand of flame (51)
 P - a wand of polymorph (28)
 T - a wand of digging (10)
 W - a wand of disintegration (36)
 X - a wand of scattershot (6)
 Z - a wand of paralysis (9)
Scrolls
 e - 20 scrolls of teleportation
 k - 3 scrolls of magic mapping
 l - 19 scrolls of remove curse
 m - 4 scrolls of fog
 r - 4 scrolls of enchant armour
 u - 2 scrolls of summoning
 w - 2 scrolls of fear
 D - 3 scrolls of identify
 L - a scroll of blinking
 M - a scroll of holy word
 R - 2 scrolls of immolation
 V - 2 scrolls of vulnerability
Potions
 d - 4 potions of might
 g - 8 potions of haste
 h - 9 potions of curing
 j - 3 potions of cancellation
 o - 6 potions of agility
 p - 6 potions of heal wounds
 s - 5 potions of mutation
 B - 3 potions of flight
 G - 3 potions of ambrosia
 O - 5 potions of invisibility
 U - 2 potions of resistance
Miscellaneous
 y - a lightning rod (4/4)
 z - a sack of spiders
 C - 5 phantom mirrors
 S - a lamp of fire
Comestibles
 f - 72 rations
 A - a chunk of flesh


   Skills:
 + Level 18.1(22.7) Fighting
 * Level 24.4(26.4) Axes
   Level 0.2(21.3) Maces & Flails
 + Level 15.2(19.7) Armour
 - Level 2.4(7.1) Dodging
 - Level 0.7(5.4) Stealth
 + Level 18.8(23.3) Shields
 + Level 0.5(5.1) Unarmed Combat
 - Level 10.1(9.8) Invocations
 * Level 13.3(12.9) Evocations


You had 20 spell levels left.
You didn't know any spells.
Your spell library contained the following spells:

 Spells                   Type           Power        Failure   Level  Hunger
 Apportation              Tloc           #.....       78%         1    ##.....
 Corona                   Hex            #......      78%         1    ##.....
 Sandblast                Erth           #.....       78%         1    ##.....
 Summon Butterflies       Summ           #.......     78%         1    ##.....
 Corpse Rot               Necr           N/A          89%         2    ###....
 Ensorcelled Hibernation  Hex/Ice        #.....       89%         2    ###....
 Passwall                 Tmut/Erth      #.......     89%         2    ###....
 Sublimation of Blood     Necr           #.........   89%         2    ###....
 Confuse                  Hex            #.......     98%         3    ####...
 Dazzling Spray           Conj/Hex       #.....       98%         3    ####...
 Lesser Beckoning         Tloc           #.........   98%         3    ####...
 Stone Arrow              Conj/Erth      #.....       98%         3    ####...
 Tukima's Dance           Hex            #.......     98%         3    ####...
 Cause Fear               Hex            #.........   100%        4    #####..
 Petrify                  Tmut/Erth      #.......     100%        4    #####..
 Summon Ice Beast         Ice/Summ       #.......     100%        4    #####..
 Agony                    Necr           #.......     100%        5    ######.
 Alistair's Intoxication  Tmut/Pois      #.......     100%        5    ######.
 Bolt of Draining         Conj/Necr      #.........   100%        5    ######.
 Dispel Undead            Necr           #.......     100%        5    ######.
 Excruciating Wounds      Chrm/Necr      #.........   100%        5    ######.
 Lee's Rapid Deconstruct  Erth           #.........   100%        5    ######.
 Silence                  Hex/Air        #.........   100%        5    ######.
 Summon Forest            Summ/Tloc      #.........   100%        5    ######.
 Yara's Violent Unravell  Hex/Tmut       #.........   100%        5    ######.
 Deflect Missiles         Chrm/Air       #.........   100%        6    #######
 Invisibility             Hex            #.......     100%        6    #######
 Summon Hydra             Summ           #.........   100%        7    #######
 Discord                  Hex            #.........   100%        8    #######


Dungeon Overview and Level Annotations

Branches:
Dungeon (15/15)            Temple (1/1) D:5            Lair (6/6) D:10
  Swamp (4/4) Lair:4       Spider (4/4) Lair:2        Slime (0/5) Lair:5
    Orc (2/2) D:11            Elf (1/3) Orc:2        Vaults (4/5) D:14
  Crypt (0/3) Vaults:2     Depths (0/5) D:15          IceCv (visited)

Altars:
Ashenzari
Cheibriados
Dithmenos
Elyvilon
Fedhas
Gozag
Hepliaklqana
Kikubaaqudgha
Makhleb
Nemelex Xobeh
Okawaru
Qazlal
Ru
Sif Muna
Trog
Uskayaw
Vehumet
Wu Jian
Xom
Yredelemnul
Zin
The Shining One
Beogh
Jiyva

Shops:
D:9 *   D:14 (   Orc:1 [   Orc:2 ?:[?   Vaults:1 *   Vaults:3 %?[   Vaults:4 =

Annotations:
Swamp:3 3 runed translucent doors, Vudadgh's ghost, adept HuWr; Ychix's ghost, journeyman GnSk; orehx's ghost, adept MiFi
Abyss:1 Agnes; Azrael; Nergalle


Innate Abilities, Weirdness & Mutations

You reflexively headbutt those who attack you in melee.
You have a pair of horns on your head.
Your magical capacity is low. (-10% MP)


Message History

You block the spectral jumping spider's attack.
Unknown command.
Unknown command.
Unknown command.
Unknown command.
Unknown command.
Unknown command.
Unknown command.
Unknown command.
Unknown command.
Unknown command.
Unknown command.
Unknown command.
Unknown command.
Blink to where?
Press: ? - help, Dir - move target cursor You are very lightly contaminated with residual magic.
As you read the scroll of blinking, it crumbles to dust.
The death scarab bites you!!
You die...

......#.....≈≈≈≈≈≈≈≈.......#..≈≈.
......#..#...≈≈#≈≈....^....^≈≈≈≈.
..8^8.#≈≈≈....≈≈≈.#...#....≈≈≈#≈.
......#≈≈≈≈.............≈≈≈≈≈≈≈..
.....^#≈≈≈≈#..........≈≈≈#≈≈≈....
#^8.8.#.≈≈.^###################..
...^..#.....#....#.......^....#..
......##....##.............#..#^.
..8.8.#^....#...@....#..^.....#.#
....,,#..#..#.ss##########..^≈#^.
..#**,#..^.^#...#.....^,,#..≈≈#≈≈
≈## **#≈.^..#...#^....^*,##≈≈≈#≈≈
≈≈#####≈#...#^s.'......*,##≈≈##≈≈
≈≈≈≈##≈≈≈...#ssZ'......*,#≈≈≈≈≈≈≈
≈≈≈≈≈≈≈≈≈...#..sZZ....^*,#..≈≈≈≈≈
.≈##≈≈≈≈≈...#.ZssZZ....*,#.≈≈≈≈≈≈
≈#####≈≈≈...##.sZZZ....*,##≈##≈≈#


You could see a demonic crawler (inner flame), a spectral hornet, a spectral
jumping spider and 6 death scarabs.

Vanquished Creatures
  Boris (Vaults:2)
  Bai Suzhen (Spider:4)
  A bone dragon (Vaults:2)
  The ghost of EnegeticOcto the Warrior, an adept OgTm of Elyvilon (Elf:1)
  The ghost of Sianeop the Warrior, an adept GrFi of Cheibriados (Vaults:3)
  A titan (Vaults:3)
  A tengu reaver (Vaults:4)
  2 thorn hunters (Swamp:4)
  The ghost of Anuqaetage the Severer, an adept HOFi of Beogh (Spider:1)
  Kirke (D:15)
  A fire giant (D:14)
  A frost giant (Vaults:4)
  6 vault wardens
  4 emperor scorpions
  A ghost moth (Spider:4)
  3 deep elf sorcerers
  The ghost of Uqorphet the Eclecticist, a journeyman DECj of Vehumet (D:14)
  The ghost of Cumomo the Carver, an adept SpEn of Kikubaaqudgha (Spider:3)
  3 stone giants
  11 ironheart preservers
  A very ugly thing (Swamp:4)
  2 entropy weavers
  Nessos (D:15)
  2 deep elf demonologists
  A green draconian (Swamp:2)
  A minotaur (Lair:4)
  A deep elf annihilator (Elf:1)
  A deep elf death mage (Elf:1)
  A spark wasp (Spider:4)
  2 ettins
  Snorg (D:11)
  3 fire dragons
  5 yaktaur captains
  3 great orbs of eyes
  3 ice dragons
  2 catoblepae (Lair:6)
  17 hydras
  Harold (D:11)
  4 vault guards
  4 shambling mangroves
  3 rakshasas
  11 centaur warriors
  A death knight (Vaults:1)
  5 dancing weapons (Elf:1)
  9 alligators
  A deep troll shaman (Vaults:3)
  9 death yaks
  29 two-headed ogres
  10 ogre magi
  2 deep troll earth magi
  2 orc high priests
  Sonja (Lair:1)
  9 deep elf knights
  2 fire crabs (shapeshifter)
  13 skeletal warriors
  A shadow wraith (Vaults:4)
  12 deep trolls
  7 deep elf archers
  4 unseen horrors
  2 wizards (Vaults:1)
  11 swamp dragons
  A spectral wolf spider (Spider:4)
  8 harpies
  A phantasmal warrior (D:15)
  Pikel (D:5)
  A lindwurm (shapeshifter) (Vaults:4)
  3 necromancers
  A wolf spider zombie (D:15)
  8 orc knights
  12 orb spiders
  32 deep elf magi
  8 ironbrand convokers
  8 orc sorcerers
  29 wolf spiders
  4 manticores
  32 ugly things
  A frost giant zombie (Vaults:3)
  4 cyclopes
  2 moths of wrath (Spider:4)
  6 vault sentinels
  Joseph (Lair:1)
  12 elephants
  3 black mambas
  An ice statue (IceCv)
  3 gargoyles
  A spiny frog (shapeshifter) (Elf:1)
  A torpor snail (Spider:2)
  16 spiny frogs
  A rime drake (Lair:6)
  A spectral redback (Spider:4)
  19 yaktaurs
  10 freezing wraiths
  5 komodo dragons
  A redback zombie (Spider:4)
  3 demonic crawlers
  An efreet (D:14)
  7 trolls
  8 tyrant leeches
  32 jumping spiders
  A wind drake (Spider:4)
  3 meliai (D:14)
  A jumping spider (shapeshifter) (Vaults:1)
  2 wolf spider simulacra
  2 spectral tarantellas (Spider:4)
  A polar bear (shapeshifter) (Vaults:1)
  21 hornets
  A raiju (shapeshifter) (Vaults:1)
  29 slime creatures
  A hornet (shapeshifter) (Vaults:3)
  A jumping spider zombie (Spider:4)
  6 dream sheep
  Grinder (D:3)
  A tarantella zombie (Spider:4)
  20 bog bodies
  A spriggan zombie (D:15)
  10 hippogriffs
  An ettin skeleton (Vaults:3)
  3 spriggans
  2 water elementals (Elf:1)
  2 air elementals (Elf:1)
  4 hogs (D:15)
  2 shadows
  A wraith (D:11)
  A centaur simulacrum (D:14)
  A vampire (D:10)
  73 redbacks
  30 tarantellas
  40 yaks
  Grum (D:10)
  4 wyverns
  A yak (shapeshifter) (Vaults:1)
  3 fire elementals (Orc:2)
  A hungry ghost (D:9)
  13 vampire mosquitoes
  16 swamp worms
  A soldier ant (D:15)
  3 wargs
  An acid dragon (Vaults:1)
  11 water moccasins
  A tengu skeleton (D:15)
  A hell hound (Orc:2)
  26 orc warriors
  15 porcupines
  Purgy (D:3)
  A hornet zombie (Spider:4)
  4 sky beasts
  A spectral hornet (Spider:4)
  17 swamp drakes
  10 ice beasts
  3 necrophages
  A phantom (D:5)
  4 black bears
  2 slaves (D:5)
  2 human zombies (Vaults:3)
  24 ogres
  8 wolves
  An eye of draining (D:14)
  13 crocodiles
  A human skeleton (Vaults:3)
  14 centaurs
  Blork the orc (D:6)
  19 bullfrogs
  4 big kobolds
  An earth elemental (Elf:1)
  A gnoll sergeant (D:3)
  A wyvern skeleton (D:15)
  11 killer bees
  6 scorpions
  An elephant simulacrum (IceCv)
  5 electric eels
  3 howler monkeys
  2 bullfrog zombies
  8 crimson imps
  7 centaur zombies
  6 jellies
  7 draconian simulacra (IceCv)
  12 orc priests
  2 gnoll shamans (D:3)
  5 hounds
  2 bullfrog skeletons
  4 centaur skeletons
  3 iguanas
  43 orc wizards
  6 hell rats (Lair:6)
  9 worker ants
  4 troll simulacra (IceCv)
  2 spriggan simulacra (IceCv)
  A wolf simulacrum (IceCv)
  2 hound skeletons
  A hound zombie (D:7)
  37 gnolls
  5 naga simulacra (IceCv)
  An ogre simulacrum (IceCv)
  10 adders
  A shadow imp (D:8)
  14 white imps
  An ooze (D:3)
  2 adder zombies
  An adder skeleton (D:5)
  3 worms
  2 dart slugs
  7 leopard geckos
  99 orcs
  A ball python (D:1)
  3 giant cockroaches
  6 goblins
  2 hobgoblins
  33 jackals
  6 quokkas
  7 bats
  A frilled lizard (D:1)
  2 jackal skeletons
  11 kobolds
  A leopard gecko skeleton (D:4)
  A quokka skeleton (D:4)
  7 rats
  9 briar patches
  5 fungi
  4 plants
  A withered plant (D:15)
1460 creatures vanquished.

Vanquished Creatures (collateral kills)
  A deep elf archer (Elf:1)
  2 black mambas (Lair:6)
  A spiny frog (Lair:6)
  A wolf (Lair:1)
  2 plants (Lair:6)
7 creatures vanquished.

Vanquished Creatures (others)
  A thorn hunter (Swamp:1)
  A vault warden (Vaults:1)
  An emperor scorpion (Spider:1)
  A ghost moth (Spider:3)
  An entropy weaver (Spider:2)
  A stone giant (Vaults:2)
  5 hydras
  2 centaur warriors (D:15)
  3 alligators
  A spark wasp zombie (D:15)
  A swamp dragon (Swamp:1)
  A skeletal warrior (D:15)
  A deep elf archer (Vaults:3)
  The ghost of TheWoodenMan the Spear-Bearer, a novice MfGl of Okawaru (D:4)
  A wolf spider (Spider:1)
  A cyclops (D:12)
  A deep elf mage (Elf:1)
  2 ugly things
  A torpor snail (Spider:1)
  2 yaktaurs (Vaults:1)
  2 freezing wraiths (IceCv)
  A yaktaur zombie (D:15)
  3 demonic crawlers
  9 jumping spiders
  A hornet (Swamp:2)
  2 tyrant leeches
  4 slime creatures
  2 redbacks (Spider:3)
  A shadow (Swamp:3)
  2 tarantellas
  A hog (D:15)
  A fire elemental (Orc:2)
  A vampire mosquito (Swamp:2)
  A steam dragon (D:12)
  3 orc warriors
  An alligator simulacrum (IceCv)
  A sky beast (shapeshifter) (Vaults:3)
  2 centaurs (D:14)
  A big kobold (D:8)
  An orc priest (Orc:2)
  An iguana (D:14)
  A worker ant (D:14)
  A centaur simulacrum (IceCv)
  A white imp (Lair:6)
  An orc (Orc:1)
  A goblin (D:3)
  3 briar patches
  23 fungi
  8 plants
  5 withered plants (D:15)
114 creatures vanquished.

Grand Total: 1581 creatures vanquished

Notes
Turn   | Place    | Note
-------+----------+-------------------------------------------
     0 | D:1      | Inarius the Minotaur Fighter began the quest for the Orb.
     0 | D:1      | Reached XP level 1. HP: 19/19 MP: 0/0
   190 | D:1      | Reached XP level 2. HP: 27/27 MP: 1/1
   785 | D:2      | Reached XP level 3. HP: 34/34 MP: 2/2
   918 | D:2      | Reached skill level 3 in Axes
   974 | D:2      | Found a radiant altar of Vehumet.
  1314 | D:3      | Noticed Grinder
  1401 | D:3      | Reached XP level 4. HP: 40/41 MP: 3/3
  1412 | D:3      | Reached skill level 4 in Axes
  1716 | D:3      | Noticed Purgy
  1724 | D:3      | Killed Purgy
  1724 | D:3      | Reached skill level 5 in Axes
  1724 | D:3      | Reached skill level 1 in Dodging
  1724 | D:3      | Reached XP level 5. HP: 47/47 MP: 4/4
  1788 | D:3      | Reached skill level 6 in Axes
  1792 | D:3      | Killed Grinder
  1792 | D:3      | Reached XP level 6. HP: 18/55 MP: 5/5
  1925 | D:3      | Reached skill level 7 in Axes
  2440 | D:3      | Reached skill level 5 in Fighting
  2440 | D:3      | Reached XP level 7. HP: 48/61 MP: 6/6
  2580 | D:3      | Reached skill level 8 in Axes
  2609 | D:3      | Reached skill level 5 in Shields
  3181 | D:4      | Found a runed translucent door.
  3323 | D:4      | Noticed TheWoodenMan's ghost (novice MfGl)
  3331 | D:4      | Reached skill level 9 in Axes
  3545 | D:4      | Reached XP level 8. HP: 69/69 MP: 7/7
  3745 | D:5      | Entered Level 5 of the Dungeon
  3988 | D:5      | Reached skill level 10 in Axes
  4061 | D:5      | Found a staircase to the Ecumenical Temple.
  4069 | D:5      | Noticed Pikel
  4078 | Temple   | Entered the Ecumenical Temple
  4191 | Temple   | Became a worshipper of Warmaster Okawaru
  4408 | D:5      | Reached skill level 5 in Armour
  4548 | D:5      | Killed Pikel
  4548 | D:5      | Reached * piety under Okawaru
  4548 | D:5      | Reached skill level 11 in Axes
  4548 | D:5      | Reached XP level 9. HP: 78/78 MP: 8/8
  4707 | D:5      | Found a shimmering altar of Xom.
  4707 | D:5      | Found a shimmering altar of Xom.
  4707 | D:5      | Found a shimmering altar of Xom.
  4708 | D:5      | Found a shimmering altar of Xom.
  4708 | D:5      | Found a shimmering altar of Xom.
  4708 | D:5      | Found a shimmering altar of Xom.
  4727 | D:5      | Reached ** piety under Okawaru
  5027 | D:6      | Noticed Blork the orc
  5034 | D:6      | Killed Blork the orc
  5186 | D:6      | Reached skill level 12 in Axes
  6030 | D:7      | You fall into a shaft and drop 2 floors!
  6038 | D:8      | Reached skill level 1 in Evocations
  6397 | D:8      | Reached *** piety under Okawaru
  6495 | D:7      | Reached skill level 13 in Axes
  6515 | D:7      | Reached XP level 10. HP: 53/86 MP: 10/10
  7188 | D:8      | Noticed a two-headed ogre
  7195 | D:8      | Killed a two-headed ogre
  7195 | D:8      | Reached **** piety under Okawaru
  7518 | D:8      | Reached skill level 14 in Axes
  7691 | D:8      | Noticed a three-headed hydra
  7704 | D:8      | Killed a three-headed hydra
  7704 | D:8      | Reached ***** piety under Okawaru
  8162 | D:9      | Reached skill level 1 in Invocations
  8464 | D:9      | Found Tiruy's Assorted Antiques.
  8483 | D:9      | Received a gift from Okawaru
  8731 | D:10     | Entered Level 10 of the Dungeon
  8799 | D:10     | Noticed Grum
  8811 | D:10     | Reached XP level 11. HP: 76/94 MP: 9/12
  8831 | D:10     | Killed Grum
  9667 | D:10     | Found a staircase to the Lair.
  9860 | D:10     | Killed an unseen horror
  9860 | D:10     | Reached skill level 15 in Axes
 10017 | D:11     | Noticed Snorg
 10072 | D:11     | Killed Snorg
 10253 | D:11     | Reached skill level 16 in Axes
 10253 | D:11     | Reached XP level 12. HP: 106/106 MP: 14/14
 10254 | D:11     | Reached skill level 10 in Fighting
 10254 | D:11     | Reached skill level 10 in Shields
 10254 | D:11     | Reached skill level 5 in Invocations
 10254 | D:11     | Reached skill level 5 in Evocations
 10254 | D:11     | Reached XP level 13. HP: 113/113 MP: 14/16
 10280 | D:11     | Found a staircase to the Orcish Mines.
 10616 | D:11     | Noticed Harold
 10620 | D:11     | Killed Harold
 10893 | Lair:1   | Entered Level 1 of the Lair of Beasts
 10904 | Lair:1   | Reached skill level 17 in Axes
 11169 | Lair:1   | Noticed Sonja
 11230 | Lair:1   | Killed Sonja
 11516 | Lair:1   | Received a gift from Okawaru
 11872 | Lair:1   | Noticed Joseph
 11880 | Lair:1   | Killed Joseph
 12710 | Lair:2   | Found a hole to the Spider Nest.
 12962 | Lair:3   | Reached XP level 14. HP: 120/122 MP: 17/17
 14862 | Lair:4   | Found a staircase to the Swamp.
 15263 | Lair:5   | Reached skill level 10 in Armour
 15385 | Lair:5   | Received a gift from Okawaru
 15396 | Lair:5   | Reached skill level 18 in Axes
 15860 | Lair:5   | Found a viscous altar of Jiyva.
 15860 | Lair:5   | Found a staircase to the Slime Pits.
 16379 | Lair:6   | Entered Level 6 of the Lair of Beasts
 17886 | Lair:6   | Reached ****** piety under Okawaru
 18020 | Lair:6   | Received a gift from Okawaru
 18530 | Orc:1    | Entered Level 1 of the Orcish Mines
 18542 | Orc:1    | Gained mutation: Your magical capacity is low. (-10% MP) [a
                  | neqoxec]
 18557 | Orc:1    | Reached XP level 15. HP: 123/132 MP: 17/17
 19147 | Orc:1    | Found a roughly hewn altar of Beogh.
 19160 | Orc:1    | Found Entul's Antique Armour Shoppe.
 19532 | Orc:2    | Entered Level 2 of the Orcish Mines
 20047 | Orc:2    | Found a staircase to the Elven Halls.
 20332 | Orc:2    | Noticed Azrael
 20337 | Orc:2    | Banished Azrael
 20502 | Orc:2    | Paralysed by an orc sorcerer for 3 turns
 20772 | Orc:2    | Found Hojipug's Magic Scroll Shop.
 20937 | Orc:2    | Found a radiant altar of Vehumet.
 20953 | Orc:2    | Found Arghyth's Book Boutique.
 20958 | Orc:2    | Noticed Nergalle
 21056 | Orc:2    | Found an ancient bone altar of Kikubaaqudgha.
 21081 | Orc:2    | Banished Nergalle
 21272 | Orc:2    | Paralysed by an orc sorcerer for 3 turns
 21348 | Orc:2    | Found a roughly hewn altar of Beogh.
 21348 | Orc:2    | Found Teoshruj's Magic Scroll Shop.
 21363 | Orc:2    | Found Boicuocw's Antique Armour Boutique.
 21401 | Orc:2    | Bought jewelled fire dragon scales for 1560 gold pieces
 21416 | Orc:2    | Bought a scroll of identify for 34 gold pieces
 21416 | Orc:2    | Identified the cursed +1 fire dragon scales "Giocah" {rF++
                  | rC- Stlth+} (You bought it in a shop on level 2 of the
                  | Orcish Mines)
 21417 | Orc:2    | Bought a scroll of identify for 34 gold pieces
 21417 | Orc:2    | Bought a scroll of identify for 34 gold pieces
 21417 | Orc:2    | Bought a scroll of identify for 34 gold pieces
 21452 | Orc:2    | Bought a scroll of identify for 26 gold pieces
 21452 | Orc:2    | Bought a scroll of identify for 26 gold pieces
 21452 | Orc:2    | Bought a scroll of identify for 26 gold pieces
 21452 | Orc:2    | Bought a scroll of identify for 26 gold pieces
 21452 | Orc:2    | Bought a scroll of identify for 26 gold pieces
 21452 | Orc:2    | Bought a scroll of identify for 26 gold pieces
 21530 | Orc:2    | Bought a scroll of enchant armour for 97 gold pieces
 21530 | Orc:2    | Bought a scroll of magic mapping for 45 gold pieces
 21790 | D:12     | Reached skill level 19 in Axes
 22655 | D:13     | Found a frozen archway.
 22691 | IceCv    | Entered an ice cave
 23021 | IceCv    | Received a gift from Okawaru
 23095 | IceCv    | Found an ancient bone altar of Kikubaaqudgha.
 23705 | D:13     | You fall into a shaft and drop 1 floor!
 23780 | D:14     | Found a gate to the Vaults.
 23840 | D:14     | Found Epheuf's Weapon Emporium.
 24432 | D:14     | Found a transporter.
 24434 | D:14     | Noticed Uqorphet's ghost (journeyman DECj)
 24435 | D:14     | Identified the +11 great mace "Ugraff" {flame, Dex+4}
 24435 | D:14     | Noticed a fire giant
 24437 | D:14     | Found a transporter.
 24836 | D:4      | Banished TheWoodenMan's ghost
 25565 | D:15     | Entered Level 15 of the Dungeon
 25687 | D:15     | Reached XP level 16. HP: 143/144 MP: 19/19
 25698 | D:15     | Noticed Nessos
 25723 | D:15     | Received a gift from Okawaru
 25729 | D:15     | Killed Nessos
 26354 | D:15     | Reached skill level 20 in Axes
 26562 | D:15     | Noticed Kirke
 26596 | D:15     | Killed Kirke
 26645 | D:15     | Found an ornate altar of the Wu Jian Council.
 26993 | D:15     | Found a staircase to the Depths.
 27418 | Spider:1 | Entered Level 1 of the Spider Nest
 27986 | Spider:1 | Received a gift from Okawaru
 28111 | Spider:1 | Noticed Anuqaetage's ghost (adept HOFi)
 28114 | Spider:1 | Found a runed translucent gate.
 28114 | Spider:1 | Found a runed translucent gate.
 28114 | Spider:1 | Found a runed translucent gate.
 28155 | Spider:1 | Got a crude platinum amulet
 28160 | Spider:1 | Reached skill level 10 in Invocations
 28160 | Spider:1 | Reached XP level 17. HP: 140/152 MP: 21/21
 29076 | Spider:2 | Reached skill level 10 in Evocations
 30062 | Spider:2 | Identified the amulet of Goedunk {Spirit Int-2 Dex+3} (You
                  | found it on level 1 of the Spider Nest)
 30354 | Spider:3 | Reached XP level 18. HP: 142/161 MP: 22/22
 30513 | Spider:3 | Noticed Agnes
 30526 | Spider:3 | Banished Agnes
 30526 | Spider:3 | Reached skill level 21 in Axes
 30792 | Spider:3 | Found a runed translucent door.
 30794 | Spider:3 | Noticed Cumomo's ghost (adept SpEn)
 30958 | Spider:3 | Reached skill level 15 in Shields
 31203 | Spider:3 | Killed Cumomo's ghost
 31258 | Spider:4 | Entered Level 4 of the Spider Nest
 31446 | Spider:1 | Killed Anuqaetage's ghost
 31561 | Swamp:1  | Entered Level 1 of the Swamp
 32722 | Swamp:2  | Received a gift from Okawaru
 33431 | Swamp:2  | Reached skill level 15 in Fighting
 34270 | Swamp:3  | Found a runed translucent gate.
 34270 | Swamp:3  | Found a runed translucent gate.
 34270 | Swamp:3  | Found a runed translucent gate.
 34274 | Swamp:3  | Noticed orehx's ghost (adept MiFi)
 34274 | Swamp:3  | Noticed Vudadgh's ghost (adept HuWr)
 34274 | Swamp:3  | Noticed Ychix's ghost (journeyman GnSk)
 34723 | Swamp:4  | Entered Level 4 of the Swamp
 35773 | Swamp:4  | Received a gift from Okawaru
 36350 | Swamp:4  | Got a decaying rune of Zot
 36388 | Swamp:4  | Reached XP level 19. HP: 170/170 MP: 20/23
 37120 | Elf:1    | Entered Level 1 of the Elven Halls
 37123 | Elf:1    | Reached skill level 22 in Axes
 37489 | Elf:1    | Noticed a Tzitzimitl
 37519 | Elf:1    | Received a gift from Okawaru
 37520 | Elf:1    | Found the +8 frozen axe "Frostbite" {freezing cloud, *Noise
                  | +Fly rC+}
 38174 | Elf:1    | Identified the Reference Book on the Entourage
 38299 | Elf:1    | Noticed EnegeticOcto's ghost (adept OgTm)
 38301 | Elf:1    | Found a runed translucent gate.
 38302 | Elf:1    | Found a runed translucent gate.
 38304 | Elf:1    | Found a runed translucent gate.
 38696 | Elf:1    | Killed EnegeticOcto's ghost
 38737 | Elf:1    | Identified the +2 ring mail "Paegeimo" {rPois} (You found
                  | it on level 1 of the Elven Halls)
 38961 | Vaults:1 | Entered Level 1 of the Vaults
 39202 | Vaults:1 | Received a gift from Okawaru
 39258 | Vaults:1 | Found Jopaesk's General Store.
 40738 | Vaults:1 | Received a gift from Okawaru
 41189 | Vaults:2 | Reached XP level 20. HP: 182/182 MP: 25/25
 41293 | Vaults:2 | Reached skill level 23 in Axes
 41922 | Vaults:2 | Noticed Boris
 41931 | Vaults:2 | Noticed a bone dragon
 41944 | Vaults:2 | Killed Boris
 41969 | Vaults:2 | Killed a bone dragon
 42207 | Vaults:2 | Found a staircase to the Crypt.
 42831 | Vaults:3 | Received a gift from Okawaru
 42834 | Vaults:3 | Got a scorched chain mail {god gift}
 42838 | Vaults:3 | Identified the +1 chain mail of Lies {rF+ SInv} (Okawaru
                  | gifted it to you on level 3 of the Vaults)
 42856 | Vaults:3 | Found a runed translucent door.
 42856 | Vaults:3 | Noticed Sianeop's ghost (adept GrFi)
 42888 | Vaults:3 | Found Zegesila's Armour Shoppe.
 42902 | Vaults:3 | Bought the -2 hat of the Alchemist {rElec rPois rF+ rC+ rN+
                  | MR+ rMut rCorr} for 991 gold pieces
 42902 | Vaults:3 | Found the -2 hat of the Alchemist {rElec rPois rF+ rC+ rN+
                  | MR+ rMut rCorr}
 43188 | Vaults:3 | Identified the +0 mace of Mutilation {flame, +Fly rElec
                  | Str+8 Dex-5} (You found it on level 3 of the Vaults)
 43451 | Vaults:3 | Found Xaguof's Food Emporium.
 44316 | Vaults:3 | Found Ujeutett's Magic Scroll Shoppe.
 44324 | Vaults:3 | Bought a scroll of enchant weapon for 157 gold pieces
 44760 | Vaults:3 | Killed Sianeop's ghost
 45264 | Vaults:4 | Found Sidu's Jewellery Emporium.
 45308 | Vaults:4 | Received a gift from Okawaru
 45447 | Vaults:4 | Reached skill level 24 in Axes
 45516 | Vaults:4 | Reached XP level 21. HP: 170/193 MP: 26/26
 45991 | Vaults:4 | Reached skill level 15 in Armour
 45992 | Vaults:4 | Paralysed by a sphinx for 3 turns
 46439 | D:14     | Killed Uqorphet's ghost
 46994 | Spider:4 | Noticed Bai Suzhen
 47016 | Spider:4 | Killed Bai Suzhen
 47016 | Spider:4 | Received a gift from Okawaru
 48475 | Spider:4 | Slain by a death scarab

Levels and vault maps discovered:
D:1:      wander_arrival_estate, layout_basic, minmay_domino_4
D:2:      layout_basic, vehumet_crystals, serial_bayou_crossing
D:3:      lemuel_castle_with_subvaults [lemuel_castle_interior_carwin_2],
          layout_basic, first_ration, uniq_purgy, uniq_grinder
D:4:      layout_cave_pods, ebering_ghost_reflecting_pool
D:5:      layout_basic, minmay_temple_entry_mist, st_stairs_11, xom_redecorated,
          uniq_pikel
D:6:      layout_basic, uniq_blork_the_orc
D:7:      layout_basic
D:8:      layout_loops_ring, hangedman_ranch [blue_anna_fruit_fields]
D:9:      layout_basic, serial_shops, shop
D:10:     layout_cave_pools, due_lair_maze_entry_diamond, uniq_grum
D:11:     layout_roguey, david_orc_3, uniq_snorg, uniq_harold
D:12:     lemuel_ice_spiral_2, layout_basic
D:13:     layout_rooms, portal_ice_cave_entry_pillars_2
D:14:     layout_stronghold, skrybe_vaults_entry_preservation,
          ebering_dispersal_statue_hall, gammafunk_ghost_smash, serial_shops,
          nicolae_shop_window_shopping
D:15:     gammafunk_depths_entry_grave, layout_small_grid, lemuel_tele_altar,
          chequers_serial_rivers_micro_d, grunt_ministairs_2, uniq_kirke,
          uniq_nessos
Temple:   kilobyte_greek_temple
Lair:1:   layout_cave_pods, lemuel_fruit_tree, uniq_joseph, uniq_sonja
Lair:2:   layout_small_grid, spider_nest_entry_rubble,
          infiniplex_staircase_pool_2, grunt_megastairs_1
Lair:3:   layout_regular_city
Lair:4:   layout_concentric_octagons, nicolae_swamp_entry_splash_gauntlet,
          serial_forest, infiniplex_forest_clump_tiny,
          infiniplex_forest_lined_ring, infiniplex_forest_fountain,
          infiniplex_forest_end_double, infiniplex_forest_straight_2,
          infiniplex_forest_clump_medium, infiniplex_forest_split,
          infiniplex_forest_lined_3, serial_bayou_pond_b
Lair:5:   layout_regular_city, dpeg_slime_entry_enclosed_altar,
          grunt_megastairs_5
Lair:6:   hangedman_lair_in_review, layout_misc_corridors,
          bobbens_ice_dragon_lair
Swamp:1:  layout_falls_marsh, nicolae_swamp_little_tower
Swamp:2:  layout_basic_swamp, hangedman_swamp_cone, swamp_pool2,
          hangedman_swamp_dais
Swamp:3:  layout_basic_swamp, gammafunk_ghost_cemetery,
          hangedman_swamp_ruin_wall
Swamp:4:  swamp_basic_johnstein, layout_basic_swamp
Spider:1: layout_spider_delve, gammafunk_ghost_split
Spider:2: layout_spider_delve
Spider:3: layout_spider_delve, ebering_ghost_reflecting_pool, drop_trap,
          uniq_agnes
Spider:4: floodkiller_spider_rune_tomb, uniq_bai_suzhen
Orc:1:    nicolae_orc_accident_1, layout_caves, serial_shops, shop, basic_altar
Orc:2:    kennysheep_orc_mage_school, layout_caves, nicolae_orc_crystal_geode,
          uniq_azrael
Elf:1:    eino_elf_arrival_sip, layout_geoelf_octagon, gammafunk_ghost_split,
          minmay_elf_demonology
Vaults:1: v_pattern_1, nicolae_vaults_yaktaur_gun_rack,
          vaults_mumra_minichess_inversion, vaults_room_glass_cross, v_misc_18,
          nicolae_vaults_sealed_display, v_alt_pattern_5, vaults_room_pools,
          layout_vaults_chaotic_city, serial_shops, nicolae_shop_trees
Vaults:2: nicolae_vaults_circle_grid_b, hangedman_vaults_maws,
          ontoclasm_vaults_misaligned, v_misc_10, hangedman_vaults_restitches,
          v_misc_30, nicolae_vaults_mini_display_case, vaults_dpeg_spiral,
          v_misc_33, vaults_room_fancy_cross, ontoclasm_vaults_gateway,
          minmay_crypt_entry_nasty_monster, nicolae_vaults_specimen_jars,
          vaults_dpeg_ring, vaults_room_hallway, layout_vaults_ring, uniq_boris
Vaults:3: ebering_vaults_ghost_inner_flame, v_misc_26, grunt_vaults_diagonal,
          vaults_dpeg_encased_lava, hangedman_vaults_cutoff, v_misc_9,
          nicolae_vaults_shelves_hall, v_misc_28, vaults_room_door_hall,
          vaults_room_corners, nicolae_vaults_little_squares_6,
          ontoclasm_vaults_twist, layout_vaults_omnicross, serial_shops,
          nicolae_shop_statue_plus, shop, shop_statue
Vaults:4: st_lattice, nicolae_vaults_stairing_the_circle,
          nicolae_vaults_network_periphery, ontoclasm_vaults_shuriken,
          nicolae_vaults_three_branches, nicolae_vaults_little_ls,
          grunt_vaults_funnel, vaults_dpeg_cross, ontoclasm_vaults_spin,
          ontoclasm_vaults_idyll, nicolae_vaults_rhombus_6,
          layout_vaults_omnigrid, serial_shops, shop

Skill      XL: |  1  2  3  4  5  6  7  8  9 10 11 12 13 14 15 16 17 18 19 20 21 |
---------------+----------------------------------------------------------------+-----
Fighting       | 4 5 6 7 8 9 10 12 13 14 15 16 17 18 | 18.1
Axes           | 3 5 6 7 9 11 13 14 16 17 18 19 20 21 22 24 | 24.4
Shields        | 4 5 6 7 9 10 12 13 14 16 17 18 | 18.8
Armour         | 4 5 6 8 9 10 11 12 13 14 15 | 15.2
Dodging        | 1 2 |  2.4
Evocations     | 2 3 4 5 6 7 8 9 10 11 12 13 | 13.3
Invocations    | 1 3 5 6 7 9 10 | 10.1
Maces & Flails | |  0.2
Stealth        | |  0.7
Unarmed Combat | |  0.5

Action                   |  1- 3 |  4- 6 |  7- 9 | 10-12 | 13-15 | 16-18 | 19-21 || total
-------------------------+-------+-------+-------+-------+-------+-------+-------++-------
Melee: War axe           |    87 |    53 |   391 |   406 |   679 |       |       ||  1616
       Headbutt          |     9 |    14 |    72 |    74 |   310 |   273 |   382 ||  1134
       Whip              |       |       |       |     9 |    33 |       |       ||    42
       Broad axe         |       |       |       |       |   573 |  1094 |  1238 ||  2905
       Unarmed           |       |       |       |       |       |     6 |       ||     6
Throw: Javelin           |       |       |     1 |       |       |       |       ||     1
Invok: Heroism           |       |       |       |     3 |     4 |     1 |     8 ||    16
       Finesse           |       |       |       |       |       |       |     1 ||     1
Evoke: Wand              |       |     4 |       |     8 |    23 |    24 |    12 ||    71
       Lightning rod     |       |       |       |       |       |       |     1 ||     1
  Use: Potion            |       |     1 |       |     5 |       |     2 |     3 ||    11
       Scroll            |       |       |     4 |     4 |    29 |     5 |    16 ||    58
 Stab: Petrified         |       |       |       |       |     6 |       |       ||     6
       Held in net/web   |       |       |       |       |       |     1 |     1 ||     2
       Distracted        |       |       |       |       |       |       |     1 ||     1
  Eat: Chunk             |     2 |     3 |    13 |    15 |    45 |    26 |    35 ||   139
       Ration            |       |       |       |       |     1 |     3 |     1 ||     5
Armor: Scale mail        |    50 |    34 |    47 |       |       |       |       ||   131
       Chain mail        |       |       |   116 |       |    21 |       |    71 ||   208
       Plate armour      |       |       |       |   197 |   423 |   480 |   296 ||  1396
       Fire dragon scale |       |       |       |       |     9 |     6 |       ||    15
Dodge: Dodged            |    26 |    20 |    87 |    83 |   223 |   268 |   240 ||   947
Block: Shield            |    43 |    33 |   179 |   243 |   820 |   790 |   917 ||  3025
       Reflection        |       |       |       |       |    40 |    35 |    64 ||   139
